AoeStats
← Dambo__

Arabia

508705689Analyzed
1v1 RM · 9d ago on Sep 23, 2026· 52m 21s· 2 players
Game mode
Random Map
Map size
Tiny (2 player)
Population
200
Speed
Normal
Resources
Standard
Victory
Conquest
Starting age
Dark Age
Ending age
Imperial Age
RankedLock teamsTeams togetherTeam positionsShared explorationLock speedFull tech treeHidden civsTurbo modeCheats
Victory
Defeat
🇵🇱 Bengalis · Poland
1262
+19
🇧🇷 Danes · Brazil
1319
-19
Dambo__
6:17 Loom
9:02 Feudal Age
9:35 Double-Bit Axe
9:47 Horse Collar
18:09 Wheelbarrow
20:53 Castle Age
19:57 Gold Mining
20:17 Fletching
20:27 Padded Archer Armor
22:01 Bow Saw
21:52 Heavy Plow
22:04 Bodkin Arrow
22:52 Gold Shaft Mining
24:17 Husbandry
26:03 Hand Cart
29:00 Ballistics
31:44 Bloodlines
31:52 Leather Archer Armor
32:04 Stone Mining
33:45 Town Watch
38:27 Imperial Age
36:45 Masonry
37:59 Scale Barding Armor
38:04 Forging
40:16 Two-Man Saw
39:46 Crop Rotation
39:18 Bracer
40:28 Chemistry
41:11 Ring Archer Armor
40:59 Elite Elephant Archer
41:20 Elite Battle Elephant
44:01 Paiks
44:17 Conscription
45:20 Chain Barding Armor
45:36 Iron Casting
45:29 Elite Elephant Archer
47:15 Siege Engineers
48:13 Plate Barding Armor
48:39 Blast Furnace
49:17 Mahayana
49:45 Conscription
52:48 Architecture
BoneWizard
2:22 Loom
10:29 Feudal Age
11:18 Double-Bit Axe
12:45 Horse Collar
17:45 Gold Mining
17:54 Arson
18:22 Forging
18:13 Scale Mail Armor
19:10 Wheelbarrow
19:49 Stone Mining
19:54 Town Watch
22:35 Castle Age
24:06 Hand Cart
24:09 Chain Mail Armor
24:30 Iron Casting
24:07 Bow Saw
24:05 Heavy Plow
25:09 Gold Shaft Mining
25:24 Stone Shaft Mining
25:16 Squires
30:09 Fletching
33:00 Bodkin Arrow
46:49 Imperial Age
47:07 Elite Jomsviking
49:20 Conscription
49:32 Plate Mail Armor
50:48 Blast Furnace
Connection lost

Rejoining the realm…

Still unreachable

The connection could not be restored.

Session expired

The server has moved on; the page needs a fresh start.